Map: [ESL] Royal Blood

Players

SpeCial

  • Race: Terran Terran
  • Spawn Location: 7:00

trigger - Winner!

  • Race: Protoss Protoss
  • Spawn Location: 1:00

Event: ESL SC2 Masters 2023 Summer (Regionals)

VOD

Have the link to the VOD?

Description

Time

  • Played on: May 11, 2023, 3:04 p.m.
  • Length: 12:00

All games in this series

Show
View Real Time Build Order
Export as new Build Order

SpeCial Terran 

Build Orders:  

Get SALT Encoding   

  12  0:00  SCV  
  13  0:12  SCV  
  14  0:17  Supply Depot  
  14  0:24  SCV  
  15  0:39  SCV  
  15  0:40  Barracks  
  16  0:43  Refinery  
  16  0:51  SCV  
  17  1:03  SCV  
  18  1:15  SCV  
  19  1:27  Marine  
  19  1:28  Orbital Command  
  20  1:49  Command Center, Barracks Reactor  
  20  1:56  SCV  
  21  2:06  Supply Depot  
  21  2:07  Factory  
  21  2:09  SCV  
  22  2:16  Refinery  
  22  2:21  SCV  
  23  2:27  Marine x2  
  25  2:33  SCV  
  26  2:45  Marine x2  
  26  2:46  SCV  
  29  2:52  Starport  
  29  2:54  Widow Mine  
  31  3:02  SCV  
  31  3:05  Orbital Command  
  32  3:06  Marine x2  
  34  3:14  SCV  
  34  3:16  Widow Mine  
  37  3:20  Supply Depot  
  37  3:24  Marine x2  
  38  3:29  Medivac  
  38  3:31  SCV x2  
  42  3:39  Factory Tech Lab  
  42  3:42  Marine x2  
  42  3:43  SCV x2  
  46  3:49  Supply Depot  
  46  3:55  SCV  
  47  3:56  SCV  
  47  3:59  Marine  
  47  4:00  Marine  
  47  4:02  Siege Tank  
  53  4:07  SCV  
  54  4:10  Liberator, SCV  
  58  4:19  SCV  
  58  4:20  Supply Depot  
  58  4:21  Marine  
  58  4:23  SCV, Marine  
  62  4:42  SCV x2, Siege Tank  
  62  4:43  Supply Depot  
  67  4:46  Marine x2  
  68  4:54  SCV x2  
  68  4:55  Barracks, Starport Tech Lab  
  70  5:05  Marine x2  
  70  5:06  SCV x2, Supply Depot  
  74  5:08  Barracks  
  74  5:15  Raven  
  74  5:21  Siege Tank  
  78  5:28  Marine x2, SCV x2  
  81  5:29  Supply Depot  
  81  5:40  SCV x2  
  83  5:42  Refinery  
  83  5:43  Marine, Refinery  
  83  5:44  Engineering Bay  
  83  5:45  Marine x2  
  85  5:52  SCV x2  
  83  6:03  Marine x2  
  83  6:04  SCV  
  83  6:05  Starport Reactor  
  83  6:06  Siege Tank  
  83  6:07  Marauder  
  83  6:08  Barracks Tech Lab  
  83  6:11  Barracks, SCV  
  89  6:14  Barracks  
  89  6:16  SCV  
  89  6:17  Terran Infantry Weapons Level 1  
  86  6:20  Supply Depot  
  86  6:21  Marine  
  81  6:28  Marine  
  81  6:29  Marauder  
  81  6:30  Marauder  
  86  6:33  Stimpack  
  86  6:39  Marine  
  87  6:43  Supply Depot  
  87  6:47  Marine  
  87  6:50  Marauder, Siege Tank  
  87  6:53  Marauder  
  95  6:57  Marine  
  85  7:03  SCV x2  
  85  7:04  Medivac  
  85  7:05  Marine, Supply Depot  
  85  7:08  Medivac  
  91  7:11  Barracks Tech Lab  
  91  7:12  Marauder  
  91  7:14  Marine  
  94  7:16  Barracks Reactor  
  88  7:23  Marine  
  88  7:25  Marauder, SCV  
  81  7:32  Marine  
  81  7:33  Marine  
  81  7:34  Marauder, Medivac  
  84  7:41  Marine  
  83  7:46  Marauder, Medivac  
  83  7:50  Marine  
  83  7:51  Marauder  
  90  7:54  Marine x2  
  90  7:55  Marine  
  93  7:59  Marine, Siege Tank  
  93  8:01  Command Center  
  97  8:07  Marine  
  97  8:08  Marine  
  97  8:09  Combat Shield  
  97  8:11  Missile Turret  
  97  8:12  Marauder, Missile Turret  
  101  8:13  Marine, Supply Depot  
  101  8:14  Marine x2  
  101  8:16  Marine, Supply Depot  
  105  8:22  Concussive Shells  
  105  8:26  Marauder, Marine  
  108  8:27  Viking  
  108  8:31  Marauder  
  108  8:32  Viking  
  114  8:34  Marine  
  114  8:38  Marine x2  
  117  8:42  Marauder  
  117  8:44  Marine  
  117  8:47  Marauder  
  122  8:52  Marine, Terran Infantry Armor Level 1  
  122  8:53  Supply Depot  
  122  8:54  Marine  
  125  8:55  SCV x2, Marine  
  125  9:01  Marine  
  125  9:02  Marine  
  129  9:04  Marauder, Viking  
  133  9:10  Marine  
  133  9:13  Marine, Viking, Marauder  
  139  9:19  Marine x2  
  139  9:20  Marine  
  141  9:24  SCV x2  
  141  9:25  Marauder  
  141  9:28  Marine  
  148  9:31  Marauder  
  148  9:37  SCV, Siege Tank, Marine  
  153  9:41  Viking  
  155  9:48  Orbital Command  
  155  9:49  Marine  
  156  9:58  SCV  
  156  9:59  SCV  
  156  10:05  Marine  
  156  10:07  Marine x2  
  157  10:11  Marine  
  157  10:13  Marauder  
  157  10:14  Marauder, Siege Tank  
  155  10:17  Marauder  
  138  10:23  Marine  
  138  10:24  Marine  
  138  10:26  Marine  
  130  10:34  Marauder  
  130  10:35  Marauder, SCV x2  
  132  10:38  Marauder  
  128  10:57  Marine x2  
  128  10:58  Marauder  
  128  10:59  Medivac  
  128  11:02  Medivac  
  122  11:13  Marine x2  
  122  11:14  Marauder  
  122  11:16  Marauder  
  128  11:22  Marine  
  128  11:23  Marauder  
  128  11:24  Reaper  
  115  11:31  Marine x2  
  113  11:35  Marauder  
  101  11:41  Marine  
Show
View Real Time Build Order
Export as new Build Order

trigger Protoss - Winner!

Build Orders: 1 Gate Expand, Blink Stalkers 

Get SALT Encoding   

  12  0:00  Probe  
  13  0:12  Probe  
  14  0:17  Pylon  
  14  0:24  Probe (Chrono Boost)  
  15  0:36  Probe (Chrono Boost)  
  15  0:37  Gateway  
  16  0:44  Probe (Chrono Boost)  
  16  0:47  Assimilator  
  17  0:51  Probe  
  18  1:03  Probe  
  19  1:15  Probe  
  20  1:25  Cybernetics Core  
  20  1:34  Nexus  
  20  1:35  Probe  
  21  1:43  Pylon  
  21  1:49  Probe  
  21  1:54  Assimilator  
  22  1:58  Adept (Chrono Boost)  
  22  2:01  Probe  
  23  2:02  Warp Gate  
  25  2:13  Probe (Chrono Boost)  
  26  2:21  Stalker  
  28  2:25  Probe (Chrono Boost)  
  28  2:29  Probe (Chrono Boost)  
  29  2:36  Twilight Council  
  31  2:44  Probe (Chrono Boost)  
  31  2:46  Probe (Chrono Boost)  
  32  2:55  Probe (Chrono Boost)  
  32  2:57  Probe (Chrono Boost)  
  32  2:58  Stalker  
  36  3:00  Probe (Chrono Boost)  
  36  3:05  Probe  
  38  3:06  Gateway  
  38  3:12  Probe  
  39  3:17  Probe, Blink (Chrono Boost)  
  40  3:24  Probe (Chrono Boost)  
  41  3:32  Robotics Facility  
  41  3:33  Probe (Chrono Boost)  
  42  3:35  Pylon  
  42  3:37  Probe (Chrono Boost)  
  43  3:43  Probe (Chrono Boost)  
  43  3:44  Probe (Chrono Boost)  
  45  3:51  Nexus  
  45  3:54  Probe  
  46  3:57  Stalker  
  46  4:02  Probe  
  49  4:03  Stalker  
  49  4:08  Pylon  
  51  4:10  Assimilator  
  51  4:12  Probe, Assimilator  
  51  4:15  Probe  
  53  4:19  Observer (Chrono Boost)  
  54  4:26  Probe, Stalker  
  54  4:28  Pylon  
  54  4:29  Probe  
  58  4:38  Probe  
  59  4:41  Probe  
  59  4:45  Robotics Bay  
  60  4:47  Gateway  
  60  4:48  Gateway  
  60  4:50  Probe, Pylon  
  61  4:54  Probe, Stalker  
  61  4:58  Stalker  
  64  5:05  Probe x2 (Chrono Boost)  
  67  5:07  Observer (Chrono Boost)  
  68  5:15  Probe (Chrono Boost)  
  68  5:16  Shield Battery  
  68  5:19  Probe (Chrono Boost)  
  69  5:22  Probe (Chrono Boost), Stalker x2  
  69  5:27  Probe, Shield Battery  
  75  5:31  Disruptor (Chrono Boost), Charge  
  75  5:33  Probe  
  79  5:39  Probe  
  79  5:41  Pylon  
  81  5:45  Stalker x2  
  81  5:46  Stalker  
  85  5:55  Probe x2, Observer  
  85  5:56  Probe  
  81  6:05  Observer  
  81  6:07  Probe  
  81  6:10  Probe  
  82  6:13  Probe  
  83  6:22  Colossus (Chrono Boost)  
  85  6:27  Zealot x4  
  85  6:30  Gateway  
  85  6:32  Probe  
  91  6:37  Extended Thermal Lance (Chrono Boost), Gateway  
  91  6:39  Gateway  
  91  6:47  Probe x2  
  91  6:48  Probe  
  91  6:51  Gateway  
  93  6:55  Gateway  
  93  7:03  Zealot x4  
  101  7:10  Pylon  
  101  7:11  Pylon  
  101  7:17  Colossus (Chrono Boost)  
  97  7:28  Probe  
  90  7:32  Zealot x5  
  90  7:33  Zealot  
  96  7:38  Zealot  
  96  7:39  Pylon  
  98  7:44  Gateway  
  98  7:47  Zealot, Forge  
  100  7:59  Stalker x3  
  100  8:00  Pylon  
  100  8:02  Observer (Chrono Boost)  
  100  8:05  Zealot x2  
  111  8:06  Nexus  
  111  8:07  Pylon  
  111  8:13  Protoss Ground Weapons Level 1 (Chrono Boost)  
  111  8:14  Warp Prism (Chrono Boost)  
  113  8:21  Templar Archives  
  113  8:31  Stalker x4  
  113  8:34  Pylon  
  121  8:35  Pylon  
  121  8:40  Shield Battery  
  121  8:42  Zealot x3  
  126  8:50  Probe x3  
  126  8:53  Disruptor (Chrono Boost)  
  132  9:03  Shield Battery  
  132  9:04  High Templar x3  
  132  9:05  Zealot x3, Shield Battery  
  132  9:08  Archon  
  144  9:11  Zealot x3  
  150  9:30  Disruptor  
  153  9:33  Stalker x2  
  153  9:34  Zealot x4  
  163  9:47  Zealot x3  
  169  9:57  Protoss Ground Armor Level 1 (Chrono Boost)  
  167  10:02  Zealot x2  
  171  10:07  Pylon  
  171  10:08  Pylon  
  171  10:10  Disruptor, Pylon  
  168  10:18  Zealot  
  139  10:28  Probe x2, Zealot x4, Stalker x2  
  130  10:29  Probe, Zealot  
  141  10:36  Assimilator  
  141  10:41  Assimilator  
  141  10:42  High Templar, Assimilator  
  141  10:49  Zealot x5  
  147  10:56  Archon  
  143  11:02  Zealot  
  143  11:03  Disruptor, Zealot x2  
  142  11:12  Zealot x4  
  142  11:16  Stalker  
  150  11:23  Zealot x3  
  150  11:27  Zealot  
  152  11:35  Zealot x2  
  152  11:36  Zealot  
Tags
 
Add a new tag
Caveats
  • Supply blocks, unpowered buildings, or Contaminate may cause inaccurate times.
  • Supply counts are checked every 10 seconds.